AoeStats
← bigbrd1026

Black Forest

504899433Analyzed
1v1 RM · 25d ago on Sep 7, 2026· 54m 0s· 2 players
Game mode
Random Map
Map size
Tiny (2 player)
Population
200
Speed
Normal
Resources
Standard
Victory
Conquest
Starting age
Dark Age
Ending age
Imperial Age
RankedLock teamsTeams togetherTeam positionsShared explorationLock speedFull tech treeHidden civsTurbo modeCheats
Victory
Defeat
🇸🇰 Portuguese · Slovakia
1076
+15
🇺🇸 Ethiopians · United States
1044
-35
bigbrd1026
11:07 Feudal Age
17:12 Loom
22:08 Fletching
25:38 Castle Age
24:00 Gold Mining
24:31 Double-Bit Axe
25:59 Crossbowman
30:06 Thumb Ring
35:03 Elite Skirmisher
44:04 Squires
44:25 Bodkin Arrow
44:34 Scale Mail Armor
50:29 Imperial Age
48:24 Ballistics
50:06 Padded Archer Armor
50:22 Chain Mail Armor
50:48 Arbalester
52:20 Gold Shaft Mining
51:09 Halberdier
53:23 Conscription
54:32 Bracer
KasiCair
1:01 Loom
15:15 Feudal Age
17:20 Fletching
19:31 Castle Age
21:13 Bodkin Arrow
23:42 Padded Archer Armor
26:34 Scale Barding Armor
27:32 Elite Skirmisher
35:40 Imperial Age
40:07 Wheelbarrow
39:19 Double-Bit Axe
39:19 Horse Collar
39:33 Gold Mining
39:35 Stone Mining
41:03 Chain Barding Armor
40:44 Bracer
40:54 Forging
41:13 Ballistics
41:58 Chemistry
41:30 Town Watch
42:00 Hand Cart
42:18 Leather Archer Armor
43:55 Ring Archer Armor
43:53 Bow Saw
46:14 Plate Barding Armor
45:50 Forging
46:21 Conscription
46:34 Thumb Ring
46:47 Siege Engineers
48:17 Elite Organ Gun
48:57 Circumnavigation
51:46 Treadmill Crane
52:01 Murder Holes
52:17 Masonry
Connection lost

Rejoining the realm…

Still unreachable

The connection could not be restored.

Session expired

The server has moved on; the page needs a fresh start.